 Dungeon Crawl Stone Soup version 0.23.1 (webtiles) character file.

Game seed: 16116723375821157171

9 Borgoz the Sneak (level 2, 0/22 HPs)
             Began as a Ghoul Enchanter on Mar 2, 2019.
             Slain by a hobgoblin (2 damage)
             ... on level 1 of the Dungeon.
             The game lasted 00:01:09 (579 turns).

Borgoz the Sneak (Ghoul Enchanter)                   Turns: 579, Time: 00:01:10

Health: 0/22       AC:  3    Str: 11    XL:     2   Next: 12%
Magic:  3/3        EV: 11    Int: 10    God:
Gold:   39         SH:  0    Dex:  9    Spells: 3/4 levels left

rFire    . . .     SeeInvis .   a - +1 dagger
rCold    + . .     Gourm    .   (no shield)
rNeg     + + +     Faith    .   h - +0 leather armour
rPois    ∞         Spirit   .   (no helmet)
rElec    .         Reflect  .   (no cloak)
rCorr    .         Harm     .   (no gloves)
MR       .....                  (no boots)
Stlth    ++........             (no amulet)
HPRegen  0.00/turn              (no ring)
MPRegen  0.08/turn              (no ring)

@: rotting
A: rotting body, claws 1, carnivore, cold resistance 1, negative energy
resistance 3, inhibited regeneration, torment resistance, unbreathing
a: no special abilities


You were on level 1 of the Dungeon.
You were not hungry.

You visited 1 branch of the dungeon, and saw 1 of its levels.

You collected 39 gold pieces.

Inventory:

Hand Weapons
 a - a +1 dagger (weapon)
Armour
 h - a +0 leather armour (worn)
Scrolls
 e - 2 scrolls of random uselessness {unknown}
 g - 2 scrolls of identify {unknown}
Potions
 b - a potion of flight {unknown}
 c - a potion of cancellation {unknown}
 f - a potion of curing {unknown}
Comestibles
 d - a ration


   Skills:
 + Level 0.3 Fighting
 - Level 0.8 Short Blades
 + Level 0.1 Armour
 + Level 1.9 Dodging
 + Level 3.3 Stealth
 * Level 0.9 Unarmed Combat
 + Level 1.8 Spellcasting
 + Level 2.4 Hexes


You had 3 spell levels left.
You knew the following spells:

 Your Spells              Type           Power        Failure   Level  Hunger
a - Corona                Hex            #......      16%         1    ##.....

Your spell library contained the following spells:

 Spells                   Type           Power        Failure   Level  Hunger
 Ensorcelled Hibernation  Hex/Ice        #.....       36%         2    ###....
 Confuse                  Hex            #.......     41%         3    ####...
 Tukima's Dance           Hex            #.......     41%         3    ####...
 Dazzling Spray           Conj/Hex       #.....       58%         3    ####...


Dungeon Overview and Level Annotations

Branches:
Dungeon (1/15)

Altars:


Innate Abilities, Weirdness & Mutations

Your body is rotting away.
You thrive on raw meat.
You are immune to poison.
You have sharp fingernails.
You are carnivorous and can eat meat at any time.
Your flesh is cold resistant. (rC+)
You are immune to negative energy. (rN+++)
You do not regenerate when monsters are visible.
You are immune to unholy pain and torment.
You can survive without breathing.


Message History

You hit the hobgoblin but do no damage. The hobgoblin closely misses you.
You hit the hobgoblin.
The hobgoblin is heavily wounded.
You barely miss the hobgoblin. Your claw misses the hobgoblin.
The hobgoblin is heavily wounded.
The hobgoblin closely misses you.
You hit the hobgoblin but do no damage.
The hobgoblin is heavily wounded.
The hobgoblin barely misses you.
You hit the hobgoblin.
The hobgoblin is heavily wounded.
The hobgoblin barely misses you.
You barely miss the hobgoblin.
The hobgoblin is heavily wounded.
The hobgoblin hits you.
* * * LOW HITPOINT WARNING * * *
You hit the hobgoblin.
The hobgoblin is almost dead.
The hobgoblin hits you.
You die...

##### ## ##...## #..
##.....## ##.. #.......#
#... P #.÷.....# #..♣♣≈≈
#.......# ##..≈≈≈≈≈
##.....#### #.g≈≈≈≈≈≈
..........## #@≈≈P≈≈≈≈
...........## #(≈♣≈≈≈≈P
............####.♣≈P≈≈≈≈
........#.#.>...(#♣≈≈PPP
##......#.........#≈♣≈≈≈
###...#..######......♣PP
#####.....### ##..#...≈♣
............#####.......
.....#.........###......


You could see a hobgoblin.

Vanquished Creatures
  A goblin (D:1)
  2 hobgoblins (D:1)
  A bat (D:1)
  A frilled lizard (D:1)
  2 kobolds (D:1)
  3 rats (D:1)
10 creatures vanquished.

Notes
Turn   | Place    | Note
-------+----------+-------------------------------------------
     0 | D:1      | Borgoz the Ghoul Enchanter began the quest for the Orb.
     0 | D:1      | Reached XP level 1. HP: 14/14 MP: 2/2
   448 | D:1      | Reached XP level 2. HP: 10/19 MP: 3/3
   579 | D:1      | Slain by a hobgoblin

Action                   || total
-------------------------++-------
Melee: Dagger            ||    48
 Cast: Corona            ||     2
 Stab: Sleeping          ||     1
  Eat: Chunk             ||    10
Armor: Robe              ||     6
       Leather armour    ||     2
Dodge: Dodged            ||    20
